 Dungeon Crawl Stone Soup version 0.30-a0-381-g6ea064c7b4 (webtiles) character file.

Game seed: 14040579612005371073

89 qeuew the Shooter (level 4, 0/27 HPs)
             Began as a Kobold Hunter on Dec 2, 2022.
             Was an Initiate of Hepliaklqana.
             Succumbed to a gnoll's poison
             ... on level 3 of the Dungeon.
             The game lasted 00:02:10 (1541 turns).

qeuew the Shooter (Kobold Hunter)                   Turns: 1541, Time: 00:02:10

Health: 0/27       AC:  6    Str:  8    XL:     4   Next: 84%
Magic:  4/4        EV: 15    Int: 10    God:    Hepliaklqana [......]
Gold:   111        SH:  0    Dex: 20    Spells: 3/3 levels left

rFire   . . .      SeeInvis .    a - +0 shortbow
rCold   . . .      Faith    .    (shield currently unavailable)
rNeg    . . .      Spirit   .    c - +0 leather armour
rPois   .          Reflect  .    (no helmet)
rElec   .          Harm     .    (no cloak)
rCorr   .          Rampage  .    (no gloves)
Will    .....                    d - +2 pair of boots {Stlth+}
Stlth   ++++......               (no amulet)
HPRegen 0.24/turn                (no ring)
MPRegen 0.09/turn                (no ring)

@: lethally poisoned (0 -> -1)
A: small, no large weapons, nightstalker 3
a: Renounce Religion


You were on level 3 of the Dungeon.
You worshipped Hepliaklqana.
Hepliaklqana was noncommittal.
You visited 1 branch of the dungeon, and saw 3 of its levels.

You collected 111 gold pieces.

Inventory:

Hand Weapons
 a - a +0 shortbow (weapon)
 f - a +0 dagger
Armour
 c - a +0 leather armour (worn)
 d - a +2 pair of boots of stealth (worn)
Scrolls
 g - 4 scrolls of teleportation
 h - 2 scrolls of identify
 i - a scroll of silence
 j - a scroll of magic mapping
 k - a scroll of blinking
Potions
 e - a potion of haste


   Skills:
 + Level 2.7 Fighting
 + Level 1.2 Short Blades
 * Level 6.2 Ranged Weapons
 + Level 1.1 Armour
 + Level 3.0 Dodging
 + Level 2.6 Stealth


You had 3 spell levels left.
You didn't know any spells.
Your spell library was empty.

Dungeon Overview and Level Annotations

Branches:
Dungeon (3/15)

Altars:
Cheibriados
Fedhas
Hepliaklqana
Nemelex Xobeh
Xom
The Shining One

Shops:
D:2 ?


Innate Abilities, Weirdness & Mutations

You are small and have problems with some larger weapons.
You are completely attuned to the shadows.


Message History

You are too injured to fight recklessly!
You are too injured to fight recklessly!
You are too injured to fight recklessly!
You are too injured to fight recklessly!
You are too injured to fight recklessly!
You feel sick.
You feel sick.
You feel sick.
It was a potion of magic.
Magic courses through your body.
You feel sick.
Blink to where?
Press: ? - help, Dir - move target, p - gnoll
Found a stone staircase leading down.
As you read the scroll of blinking, it crumbles to dust.
You feel sick.
Fire: a) +0 shortbow
Press: ? - help, Q - select action Shift-Dir - straight line, f - gnoll
Aim: a gnoll, wielding a +0 flail and quivering poisoned darts (translocational energy, 69% to hit)
You shoot an arrow. The arrow hits the gnoll.
The gnoll is moderately wounded.
You feel sick.
You are no longer poisoned.
The gnoll throws a poisoned dart.
The poisoned dart misses you.
The gnoll throws a poisoned dart.
The poisoned dart hits you!
You are lethally poisoned!
Unknown command.
* * * LOW HITPOINT WARNING * * *
You feel sick.
* * * LOW HITPOINT WARNING * * *
You feel sick.
* * * LOW HITPOINT WARNING * * *
You feel sick.
* * * LOW HITPOINT WARNING * * *
You feel sick.
* * * LOW HITPOINT WARNING * * *
You feel sick.
The gnoll throws a poisoned dart.
The poisoned dart misses you.
* * * LOW HITPOINT WARNING * * *
You feel sick.
* * * LOW HITPOINT WARNING * * *
You feel sick.
You die...

. #♣♣♣♣♣♣#.......#.#..8.#.#.#
[.♣♣♣♣.....♣♣..###.......###_###
8......♣♣♣.†.♣..####.##### ### #
_..⌠.♣♣♣ ♣♣♣♣(#.# #.# 8.....♣♣
#...# .# ..♣♣♣♣.♣♣♣ ##### ♣. ♣
♣...♣♣ ♣.♣♣♣♣.#########.
♣......g.g..@....
#...#)######)##.
.>.....#####...#
###.....§..gg....
##########...## #.## ##


You could see a gnoll.

Vanquished Creatures
  A gnoll (D:3)
  2 adders
  A dart slug (D:2)
  8 ball pythons
  7 bats
  4 endoplasms
  4 giant cockroaches
  5 goblins (D:1)
  4 hobgoblins
  3 quokkas
  3 frilled lizards
  7 kobolds
  6 rats
55 creatures vanquished.

Notes
Turn   | Place    | Note
-------+----------+-------------------------------------------
     0 | D:1      | qeuew the Kobold Hunter began the quest for the Orb.
     0 | D:1      | Reached XP level 1. HP: 12/12 MP: 1/1
   125 | D:1      | Reached XP level 2. HP: 9/18 MP: 2/2
   337 | D:1      | Reached XP level 3. HP: 22/22 MP: 3/3
   701 | D:1      | Identified a scroll of acquirement
   701 | D:1      | Acquired a +2 pair of boots of stealth
   793 | D:2      | Reached skill level 1 in Short Blades
   875 | D:2      | Reached XP level 4. HP: 27/27 MP: 4/4
   887 | D:2      | Reached skill level 6 in Ranged Weapons
   928 | D:2      | Found Kijul's Magic Scroll Boutique.
  1385 | D:3      | Reached skill level 1 in Armour
  1439 | D:3      | Found a hazy altar of Hepliaklqana.
  1441 | D:3      | Found a shimmering altar of Xom.
  1442 | D:3      | Found a sparkling altar of Nemelex Xobeh.
  1445 | D:3      | Found a snail-covered altar of Cheibriados.
  1446 | D:3      | Found a glowing golden altar of the Shining One.
  1447 | D:3      | Found a blossoming altar of Fedhas.
  1461 | D:3      | Became a worshipper of Hepliaklqana the Forgotten
  1499 | D:3      | Found a faded altar of an unknown god.
  1539 | D:3      | HP: 1/27 [poisoned by a gnoll]
  1541 | D:3      | Succumbed to a gnoll's poison

Illustrated notes

Levels and vault maps discovered:
D:1:      matt_arrival_diagonals, layout_basic, chequers_serial_rivers_micro_e
D:2:      layout_rooms, serial_shops, shop
D:3:      layout_loops_ring, minitemple, serial_glass, glass_columns_a,
          glass_columns_a, glass_columns_c, glass_columns_a,
          due_unseen_surprise, item_on_display_b, item_on_display_b,
          item_on_display_a, shapermc_ecumenical_altar_totnotflames

Skill      XL: |  1  2  3  4 |
---------------+-------------+-----
Stealth        | 2 |  2.6
Short Blades   | 1 |  1.2
Ranged Weapons | 6 |  6.2
Armour         | 1 |  1.1
Dodging        | 3 |  3.0
Fighting       | |  2.7

Action                   |  1- 3 |  4- 6 || total
-------------------------+-------+-------++-------
 Fire: Shortbow          |    59 |    45 ||   104
  Use: Scroll            |     4 |     4 ||     8
       Potion            |       |     1 ||     1
Armor: Leather armour    |     7 |     2 ||     9
Dodge: Dodged            |    13 |    16 ||    29

Table legend: (Time is in decaauts)
 A = Elapsed time spent in this place.
 B = Non-inter-level travel time spent in this place.
 C = Inter-level travel time spent in this place.
 D = Time resting spent in this place.
 E = Time spent auto-exploring this place.
 F = Levels seen in this place.
 G = Mean time per level.
                   A        B        C        D        E       F      G
               +--------+--------+--------+--------+--------+-----+--------+
         Total |   1570 |   1531 |     39 |      0 |   1265 |   3 |  523.3 |
       Dungeon |   1570 |   1531 |     39 |      0 |   1265 |   3 |  523.3 |
               +--------+--------+--------+--------+--------+-----+--------+

Top non-repeatable levels by time:
     D:1: 748 daAuts
     D:2: 531 daAuts
     D:3: 289 daAuts
